 Dungeon Crawl Stone Soup version 0.29-a0-1008-g949cc1d0fb (webtiles) character file.

Game seed: 10282413234067546908

21 concernfroge the Trooper (level 2, -4/25 HPs)
             Began as a Mummy Monk on Aug 7, 2022.
             Killed from afar by Natasha (6 damage)
             ... with a magic dart
             ... on level 2 of the Dungeon.
             The game lasted 00:02:18 (952 turns).

concernfroge the Trooper (Mummy Monk)                Turns: 952, Time: 00:02:18

Health: -4/25      AC:  3    Str: 14    XL:     2   Next: 65%
Magic:  2/2        EV: 16    Int:  9    God:
Gold:   77         SH:  5    Dex: 14    Spells: 1/1 levels left

rFire   x . .      SeeInvis .   a - +0 spear
rCold   + . .      Faith    .   (no shield)
rNeg    + + +      Spirit   .   b - +0 robe
rPois   ∞          Reflect  +   (no helmet)
rElec   .          Harm     .   e - +0 cloak
rCorr   +          Rampage  .   (no gloves)
Will    .....                   (no boots)
Stlth   ++........              f - amulet of reflection
HPRegen 0.08/turn               c - ring of resist corrosion
MPRegen 0.08/turn               d - +4 ring of evasion

@: slowed, very slow
A: cold resistance 1, negative energy resistance 3, torment resistance 2, heat
vulnerability 1, no potions
a: no special abilities


You were on level 2 of the Dungeon.
You visited 1 branch of the dungeon, and saw 3 of its levels.

You collected 77 gold pieces.

Inventory:

Hand Weapons
 a - a +0 spear (weapon)
Armour
 b - a +0 robe (worn)
 e - a +0 cloak (worn)
Jewellery
 c - a ring of resist corrosion (left hand)
 d - a +4 ring of evasion (right hand)
 f - an amulet of reflection (around neck)
 h - an amulet of faith
 j - a ring of protection from fire


   Skills:
 + Level 4.0 Fighting
 - Level 2.4 Polearms
 - Level 2.4 Dodging
 - Level 1.5 Stealth


You had one spell level left.
You didn't know any spells.
Your spell library contained the following spells:

 Spells                   Type           Power      Damage    Failure   Level
 Blink                    Tloc           0%         N/A       52%         2
 Ozocubu's Armour         Ice            0%         N/A       77%         3
 Manifold Assault         Tloc           0%         N/A       100%        5
 Metabolic Englaciation   Hex/Ice        0%         N/A       100%        5
 Simulacrum               Ice/Necr       0%         N/A       100%        6
 Storm Form               Tmut/Air       Unusable   N/A       N/A         7

Dungeon Overview and Level Annotations

Branches:
Dungeon (3/15)

Altars:

Shops:
D:3 *

Annotations:
D:2 Natasha


Innate Abilities, Weirdness & Mutations

You are immune to poison.
Your flesh is cold resistant. (rC+)
You are immune to negative energy. (rN+++)
You are immune to unholy pain and torment.
You are vulnerable to heat. (rF-)
You do not drink.


Message History

The giant cockroach is moderately wounded.
The giant cockroach misses you.
You barely miss the giant cockroach.
The giant cockroach is moderately wounded.
The giant cockroach closely misses you.
The giant cockroach bites you but does no damage.
You hit the giant cockroach.
You kill the giant cockroach!
You see here a giant cockroach corpse.
Things that are here:
a +0 club; a hobgoblin corpse A worm comes into view.
Blink to where?
Press: ? - help, Dir - move target
As you read the scroll labelled LOVVYKLIJI, it crumbles to dust.
It was a scroll of blinking.
There is a stone staircase leading up here.
You climb upwards.
Level annotation: Natasha
There is a stone staircase leading down here.
You barely miss Natasha. Natasha casts a spell at you.
You feel yourself slow down.
You closely miss Natasha.
Natasha stares at you and mumbles some strange words.
The magic dart hits you. Natasha casts a spell at you.
You feel as though you will be slow longer.
You hit Natasha.
Natasha is moderately wounded.
Natasha claws you!
You hit Natasha but do no damage.
Natasha is moderately wounded.
Natasha closely misses you. Natasha claws you!
* * * LOW HITPOINT WARNING * * *
You hit Natasha.
Natasha is moderately wounded.
Natasha stares at you and mumbles some strange words.
The magic dart hits you.
You die...

.##............ # ...............
.. ...............#+####...
.......!................
........................
#.....................# #......##
##..#########
.##....#######...........########
.#...........#..@h...............
.#...........#......!..###.....##
.+...........+........#...#.....#
.#...........#..#...###...###...#
.#....###....#..#..#...#.#...#..#
.#....# #....#...###...#.#...###.
.#....###....#.....#...#.#...#...
#............###...###...###...#
................#.....#.#.....#.


You could see Natasha.

Vanquished Creatures
  5 endoplasms (D:1)
  2 giant cockroaches
  3 goblins
  2 hobgoblins
  A quokka (D:1)
  2 ball pythons (D:1)
  A bat (D:1)
  A frilled lizard (D:2)
  A rat (D:1)
18 creatures vanquished.

Notes
Turn   | Place    | Note
-------+----------+-------------------------------------------
     0 | D:1      | concernfroge the Mummy Monk began the quest for the Orb.
     0 | D:1      | Reached XP level 1. HP: 18/18 MP: 1/1
   225 | D:1      | Reached XP level 2. HP: 24/24 MP: 2/2
   328 | D:1      | Found a faded altar of an unknown god.
   790 | D:2      | Noticed Natasha
   798 | D:2      | Noticed a crimson imp
   802 | D:3      | Found Uxtuvuth's Assorted Antiques.
   825 | D:3      | Reached skill level 4 in Fighting
   952 | D:2      | Killed from afar by Natasha

Illustrated notes

Levels and vault maps discovered:
D:1:      shiori_shiawase, layout_loops_ring,
          shapermc_ecumenical_altar_notcrosses, corner_web_ring
D:2:      layout_basic, nicolae_titane, uniq_natasha
D:3:      layout_basic, mainiacjoe_overflow_alcove_4, serial_shops,
          nicolae_diamond_shop, uniq_ijyb

Skill      XL: |  1  2 |
---------------+-------+-----
Fighting       | 4 |  4.0
Polearms       | |  2.4
Dodging        | |  2.4
Stealth        | |  1.5

Action                   || total
-------------------------++-------
Melee: Spear             ||    82
       Punch             ||     1
  Use: Scroll            ||     4
 Stab: Sleeping          ||     6
Armor: Robe              ||     8
Dodge: Dodged            ||    30
Block: Other             ||    12

Table legend: (Time is in decaauts)
 A = Elapsed time spent in this place.
 B = Non-inter-level travel time spent in this place.
 C = Inter-level travel time spent in this place.
 D = Time resting spent in this place.
 E = Time spent auto-exploring this place.
 F = Levels seen in this place.
 G = Mean time per level.
                   A        B        C        D        E       F      G
               +--------+--------+--------+--------+--------+-----+--------+
         Total |    950 |    908 |     42 |      0 |    704 |   3 |  316.7 |
       Dungeon |    950 |    908 |     42 |      0 |    704 |   3 |  316.7 |
               +--------+--------+--------+--------+--------+-----+--------+

Top non-repeatable levels by time:
     D:1: 680 daAuts
     D:3: 147 daAuts
     D:2: 122 daAuts
